 Dungeon Crawl Stone Soup version 0.27.1-35-g4d5d836560 (webtiles) character file.

Game seed: 8026719226913064307

892 Romesagentofchaos the Covered (level 7, 0/61 HPs)
             Began as a Minotaur Fighter on Apr 15, 2022.
             Slain by a gnoll shaman (7 damage)
             ... on level 5 of the Dungeon.
             The game lasted 00:15:07 (4047 turns).

Romesagentofchaos the Covered (Minotaur Fighter)    Turns: 4047, Time: 00:15:07

Health: 0/61       AC: 13    Str: 22    XL:     7   Next: 78%
Magic:  6/6        EV:  9    Int:  5    God:
Gold:   202        SH: 10    Dex: 10    Spells: 6/6 levels left

rFire    . . .     SeeInvis .   a - +0 long sword
rCold    + . .     Faith    .   c - +0 kite shield
rNeg     . . .     Spirit   .   l - +4 ring mail {rC+}
rPois    .         Reflect  .   (helmet restricted)
rElec    .         Harm     .   (no cloak)
rCorr    .         Rampage  .   (no gloves)
Will     .....                  g - +2 pair of boots "Zoizaesh" {Stlth+}
Stlth    ++........             (no amulet)
HPRegen  0.20/turn              (no ring)
MPRegen  0.10/turn              (no ring)

@: no status effects
A: horns 2, retaliatory headbutt
a: no special abilities


You were on level 5 of the Dungeon.
You visited 1 branch of the dungeon, and saw 5 of its levels.

You collected 202 gold pieces.

Inventory:

Hand Weapons
 a - a +0 long sword (weapon)
Armour
 b - a +0 scale mail
 c - a +0 kite shield (worn)
 g - the +2 pair of boots "Zoizaesh" (worn) {Stlth+}
   (You acquired it on level 2 of the Dungeon)

   Stlth:     It makes you more stealthy.
 h - a +0 chain mail
 l - a +4 ring mail of cold resistance (worn)
Magical Staves
 e - a staff of air
 i - a staff of death
Wands
 k - a wand of mindburst (7)
Scrolls
 j - a scroll of identify
Potions
 f - 2 potions of flight


   Skills:
 + Level 5.3 Fighting
 + Level 6.1 Long Blades
 * Level 6.8 Armour
 + Level 2.9 Dodging
 + Level 0.4 Stealth
 + Level 5.5 Shields
 + Level 0.1 Evocations


You had 6 spell levels left.
You didn't know any spells.
Your spell library was empty.

Dungeon Overview and Level Annotations

Branches:
Dungeon (5/15)
 Temple: D:4-7

Altars:
Beogh

Shops:
D:4 :


Innate Abilities, Weirdness & Mutations

You have a pair of horns on your head.
You reflexively headbutt those who attack you in melee.


Message History

The gnoll shaman shouts!
The gnoll shouts!
You hear a shout! x2
The gnoll shaman hits you but does no damage.
A gnoll comes into view. It is wielding a +0 club.
You block the gnoll shaman's attack.
You see here a +1 pair of boots.
The gnoll shaman calls upon its god to speed up the gnoll.
The gnoll seems to speed up.
Aiming: Mindburst
Press: ? - help, Shift-Dir - straight line, f - gnoll
Aim: a gnoll, wielding a +0 club (fast, chance to affect: 73%)
The gnoll's mind is blasted!
You blow up the gnoll!
You hit the gnoll shaman. Your headbutt misses the gnoll shaman.
The gnoll shaman is moderately wounded.
The gnoll shaman hits you but does no damage.
You hit the gnoll shaman but do no damage.
The gnoll shaman is moderately wounded.
The gnoll shaman hits you but does no damage.
You hit the gnoll shaman but do no damage.
The gnoll shaman is moderately wounded.
The gnoll shaman hits you but does no damage.
You block the gnoll's attack.
The gnoll shaman hits you with a +0 whip.
* * * LOW HITPOINT WARNING * * *
The gnoll shaman calls upon its god to speed up the gnoll.
The gnoll seems to speed up.
You block the gnoll's attack.
Hit: a) +0 long sword
Press: ? - help, Dir - move target, f - gnoll
Aim: a gnoll, wielding a +0 club (fast, about 36% to evade your +0 long sword)
You hit the gnoll.
The gnoll is moderately wounded.
You block the gnoll's attack. The gnoll hits you with a +0 club.
* * * LOW HITPOINT WARNING * * *
You block the gnoll shaman's attack.
You hit the gnoll.
The gnoll is severely wounded.
The gnoll hits you but does no damage.
The gnoll shaman hits you with a +0 whip!
You die...

............)..#...# .
.#....#..)####.#.#.# #
..#.......).###.....#.#
........)....#.....#..
.#..#...)..#.#.....#..
....#.......[..#.#.###
##. #..#...#.###.#.8..
###.##gg#####.# ....#o#
#.....@.# #.#.#...#.#
#.#.##.## #.#.#...# !
.. #.# ... #.g.#.. ##
#.# ... ....#.. ..# ..#
... ... .. ###


You could see a gnoll shaman and a gnoll (fast).

Vanquished Creatures
  The ghost of chmiii the Chopper, a novice TrBe of Trog (D:5)
  A phantom (D:5)
  An orc priest (D:4)
  Ijyb (D:4)
  An iguana (D:4)
  4 orc wizards
  A gnoll (D:5)
  4 adders
  4 worms
  2 dart slugs (D:1)
  8 orcs
  5 ball pythons
  8 endoplasms
  4 giant cockroaches
  4 goblins
  7 hobgoblins
  5 quokkas
  A ball python skeleton (D:3)
  4 bats
  3 frilled lizards
  6 kobolds
  4 rats
79 creatures vanquished.

Vanquished Creatures (others)
  An orc wizard (D:4)
  12 plants (D:2)
13 creatures vanquished.

Grand Total: 92 creatures vanquished

Notes
Turn   | Place    | Note
-------+----------+-------------------------------------------
     0 | D:1      | Romesagentofchaos the Minotaur Fighter began the quest for
                  | the Orb.
     0 | D:1      | Reached XP level 1. HP: 19/19 MP: 0/0
   125 | D:1      | Reached XP level 2. HP: 18/27 MP: 1/1
   926 | D:1      | Found a faded altar of an unknown god.
  1161 | D:2      | Reached XP level 3. HP: 33/33 MP: 2/2
  2025 | D:2      | Identified a scroll of acquirement
  2025 | D:2      | Acquired the +2 pair of boots "Zoizaesh" {Stlth+}
  2403 | D:3      | Reached XP level 4. HP: 36/40 MP: 3/3
  3000 | D:4      | Noticed Ijyb
  3007 | D:4      | Reached XP level 5. HP: 37/47 MP: 4/4
  3015 | D:4      | Killed Ijyb
  3016 | D:4      | Reached skill level 5 in Armour
  3339 | D:4      | Found Vituikig's Book Boutique.
  3888 | D:5      | Entered Level 5 of the Dungeon
  3918 | D:5      | Noticed chmiii's ghost (novice TrBe)
  3919 | D:5      | Found a runed translucent gate.
  3919 | D:5      | Found a runed translucent gate.
  3920 | D:5      | Found a runed translucent gate.
  3940 | D:5      | Killed chmiii's ghost
  3941 | D:5      | Reached skill level 5 in Fighting
  3941 | D:5      | Reached skill level 5 in Long Blades
  3941 | D:5      | Reached skill level 5 in Shields
  3941 | D:5      | Reached XP level 6. HP: 6/56 MP: 5/5
  3941 | D:5      | Reached XP level 7. HP: 7/61 MP: 6/6
  3992 | D:5      | HP: 3/61 [phantom (1)]
  4047 | D:5      | Slain by a gnoll shaman

Illustrated notes

Levels and vault maps discovered:
D:1:      lightli_arrival_noodles, layout_basic, ebering_ecumenical_altar_hall,
          minmay_pentomino_v4
D:2:      layout_basic, kennysheep_boxes
D:3:      layout_basic, minmay_fractal_squares_diagonal_5
D:4:      layout_loops_ring, serial_shops, nicolae_shop_waterfront, uniq_ijyb
D:5:      layout_basic, trog_wizard, biasface_ghost_orc_armoury

Skill      XL: |  1  2  3  4  5  6  7 |
---------------+----------------------+-----
Fighting       | 4 5 |  5.3
Long Blades    | 3 4 5 6 |  6.1
Shields        | 4 5 |  5.5
Armour         | 4 6 |  6.8
Dodging        | 2 |  2.9
Stealth        | |  0.4
Evocations     | |  0.1

Action                   |  1- 3 |  4- 6 |  7- 9 || total
-------------------------+-------+-------+-------++-------
Melee: Long sword        |   106 |    61 |    26 ||   193
       Headbutt          |    19 |    12 |     3 ||    34
Evoke: Wand              |       |     2 |     1 ||     3
  Use: Scroll            |     5 |     4 |       ||     9
       Potion            |     2 |     4 |     1 ||     7
Armor: Scale mail        |    49 |     4 |       ||    53
       Chain mail        |       |     9 |       ||     9
       Ring mail         |       |    19 |    21 ||    40
Dodge: Dodged            |    27 |    24 |     7 ||    58
Block: Kite shield       |    58 |    34 |    11 ||   103
       Rpst.: Long sword |     7 |     5 |     3 ||    15
